 Dungeon Sprint DCSS version 0.27-a0-1548-gf8a67e7463 (webtiles) character file.

Game seed: 3343114508568519405

42 mhtbhm the Covered (level 3, -2/36 HPs)
             Began as a Minotaur Fighter on July 13, 2021.
             Was a Priest of Makhleb.
             Slain by a black bear (4 damage)
             ... in the Dungeon (Sprint VII: "The Pits").
             The game lasted 00:00:39 (175 turns).

mhtbhm the Covered (Minotaur Fighter)                Turns: 175, Time: 00:00:41

Health: -2/36      AC:  7    Str: 21    XL:     3   Next: 33%
Magic:  3/3        EV:  8    Int:  5    God:    Makhleb [***...]
Gold:   0          SH: 10    Dex:  9    Spells: 2/2 levels left

rFire    . . .     SeeInvis .   a - +2 hand axe
rCold    . . .     Faith    .   c - +0 kite shield
rNeg     . . .     Spirit   .   b - +0 scale mail
rPois    .         Reflect  .   (helmet restricted)
rElec    .         Harm     .   (no cloak)
rCorr    .         Rampage  .   (no gloves)
Will     .....     NoTele   +   (no boots)
Stlth    ..........             (no amulet)
HPRegen  0.12/turn              (no ring)
MPRegen  0.08/turn              (no ring)

@: no status effects
A: horns 2, retaliatory headbutt
a: Renounce Religion, Minor Destruction, Lesser Servant of Makhleb


You were in the Dungeon.
You worshipped Makhleb.
Makhleb was most pleased with you.
You visited 1 branch

Inventory:

Hand Weapons
 a - a +2 hand axe (weapon)
Armour
 b - a +0 scale mail (worn)
 c - a +0 kite shield (worn)
Scrolls
 j - a scroll of blinking
 l - 5 scrolls of amnesia
 m - a scroll of summoning
Potions
 d - a potion of might
 f - a potion of heal wounds
 g - a potion of haste
 h - 4 potions of magic
 i - 3 potions of berserk rage
 k - 2 potions of invisibility


   Skills:
 + Level 5.0 Fighting
 + Level 3.8 Axes
 + Level 5.4 Armour
 + Level 0.6 Dodging
 + Level 5.3 Shields
 * Level 2.1 Invocations


You had 2 spell levels left.
You didn't know any spells.
Your spell library was empty.

Dungeon Overview and Level Annotations

Branches:
Dungeon (1/1)

Altars:
Ashenzari
Cheibriados
Dithmenos
Elyvilon
Fedhas
Gozag
Hepliaklqana
Kikubaaqudgha
Makhleb
Nemelex Xobeh
Okawaru
Qazlal
Ru
Sif Muna
Trog
Uskayaw
Vehumet
Wu Jian
Xom
Yredelemnul
Zin
The Shining One
Beogh
Jiyva
Lugonu


Innate Abilities, Weirdness & Mutations

You have a pair of horns on your head.
You reflexively headbutt those who attack you in melee.


Message History

You hit the jackal. The jackal bites you. You block the black bear's attack. x2
The black bear claws you but does no damage.
The jackal bites you but does no damage.
The black bear bites you. You block the black bear's attack.
The black bear claws you but does no damage.
Unknown command.
You barely miss the black bear. You headbutt the black bear.
The black bear is heavily wounded.
You closely miss the jackal. The jackal barely misses you.
The black bear bites you but does no damage.
The black bear claws you but does no damage.
The black bear claws you.
Unknown command.
You hit the black bear.
The black bear is severely wounded.
You hit the jackal.
You kill the jackal!
Makhleb accepts your kill.
You can now summon a lesser servant of Makhleb.
You block the black bear's attack. x2; The black bear claws you.
You hit the black bear.
The black bear is severely wounded.
The black bear goes berserk!
You slash the black bear!
The black bear is almost dead.
You block the black bear's attack. The black bear claws you.
* * * LOW HITPOINT WARNING * * *
The black bear claws you but does no damage.
The black bear bites you.
* * * LOW HITPOINT WARNING * * *
You block the black bear's attack.
The black bear claws you but does no damage.
You barely miss the black bear.
The black bear is almost dead.
The black bear barely misses you.
The black bear claws you but does no damage.
The black bear closely misses you. The black bear bites you.
* * * LOW HITPOINT WARNING * * *
You block the black bear's attack. The black bear claws you.
You die...

##########'##........
#.?(.')))'.##......#.
##########.##........
#..........)'........
#+#####'#####......#.
#.)#..# #........
#..'..# ####'####
#..#### #.......#
#.@# #.......# #h†#
#.......# ##'#
#...<...#
#......h.##.......#
#........##.......#
###########.......#
#########


You could see a black bear (berserk).

Vanquished Creatures
  An adder (D)
  2 river rats (D)
  An adder skeleton (D)
  An orc (D)
  A giant cockroach (D)
  A hobgoblin (D)
  3 jackals (D)
  A kobold (D)
11 creatures vanquished.

Notes
Turn   | Place    | Note
-------+----------+-------------------------------------------
     0 | D        | mhtbhm the Minotaur Fighter began the quest for the Orb.
     0 | D        | Reached XP level 1. HP: 19/19 MP: 0/0
    23 | D        | Found a bloodstained altar of Trog.
    23 | D        | Found a shimmering blue altar of Sif Muna.
    23 | D        | Found a viscous altar of Jiyva.
    23 | D        | Found a hazy altar of Hepliaklqana.
    23 | D        | Found an opulent altar of Gozag.
    24 | D        | Found a glowing golden altar of the Shining One.
    24 | D        | Found a glowing silver altar of Zin.
    24 | D        | Found a basalt altar of Yredelemnul.
    24 | D        | Found a shimmering altar of Xom.
    24 | D        | Found an ornate altar of the Wu Jian Council.
    24 | D        | Found a sacrificial altar of Ru.
    24 | D        | Found a stormy altar of Qazlal.
    24 | D        | Found an iron altar of Okawaru.
    24 | D        | Found a sparkling altar of Nemelex Xobeh.
    24 | D        | Found a burning altar of Makhleb.
    24 | D        | Found a blossoming altar of Fedhas.
    24 | D        | Found a white marble altar of Elyvilon.
    24 | D        | Found a shadowy altar of Dithmenos.
    24 | D        | Found a snail-covered altar of Cheibriados.
    26 | D        | Found a radiant altar of Vehumet.
    26 | D        | Found a corrupted altar of Lugonu.
    27 | D        | Found a hide-covered altar of Uskayaw.
    27 | D        | Found an ancient bone altar of Kikubaaqudgha.
    27 | D        | Found a broken altar of Ashenzari.
    34 | D        | Became a worshipper of Makhleb the Destroyer
    88 | D        | Reached * piety under Makhleb
    95 | D        | Reached XP level 2. HP: 25/27 MP: 1/1
    97 | D        | Reached skill level 1 in Invocations
   154 | D        | Reached ** piety under Makhleb
   155 | D        | Reached skill level 5 in Armour
   155 | D        | Noticed a black bear
   167 | D        | Reached skill level 5 in Fighting
   167 | D        | Reached skill level 5 in Shields
   167 | D        | Reached XP level 3. HP: 22/36 MP: 3/3
   172 | D        | Reached *** piety under Makhleb
   175 | D        | Slain by a black bear

Illustrated notes

Levels and vault maps discovered:
D:        pitsprint [storerooms_1, entrance_room_1, metal_vault_7, armoury_2,
          mini_pit_1, grid_room_1, main_hall_1, silver_pit, the_coven_3,
          the_vestibule_1, steel_vault_3, golden_pit, hallway_of_sentries,
          crystal_vault_1, iron_vault_2, final_vault]

Skill      XL: |  1  2 |
---------------+-------+-----
Fighting       | 4 5 |  5.0
Armour         | 4 5 |  5.4
Shields        | 4 5 |  5.3
Axes           | 3 |  3.8
Invocations    | 2 |  2.1
Dodging        | |  0.6

Action                   || total
-------------------------++-------
Melee: Hand axe          ||    37
       War axe           ||     4
       Headbutt          ||     4
  Use: Potion            ||     1
Armor: Scale mail        ||    40
Dodge: Dodged            ||    26
Block: Kite shield       ||    32

Table legend: (Time is in decaauts)
 A = Elapsed time spent in this place.
 B = Non-inter-level travel time spent in this place.
 C = Inter-level travel time spent in this place.
 D = Time resting spent in this place.
 E = Time spent auto-exploring this place.
 F = Levels seen in this place.
 G = Mean time per level.
                   A        B        C        D        E       F      G
               +--------+--------+--------+--------+--------+-----+--------+
         Total |    190 |    190 |      0 |     46 |      0 |   1 |  190.0 |
       Dungeon |    190 |    190 |      0 |     46 |      0 |   1 |  190.0 |
               +--------+--------+--------+--------+--------+-----+--------+

Top non-repeatable levels by time:
       D: 190 daAuts
